 Dungeon Crawl Stone Soup version 0.29-a0-892-g2c4c91d9db (webtiles) character file.

Game seed: 7728542870002915531

4489 Armakuni the Cruncher (level 10, -4/78 HPs)
             Began as a Meteoran Wanderer on July 16, 2022.
             Was a Believer of Elyvilon.
             Slain by an orc knight
             ... wielding a +2 battleaxe
              (7 damage)
             ... on level 8 of the Dungeon on July 22, 2022.
             The game lasted 00:22:46 (6565 turns).

Armakuni the Cruncher (Meteoran Wanderer)           Turns: 6565, Time: 00:22:46

Health: -4/78      AC: 10    Str: 16    XL:     10   Next: 96%
Magic:  12/12      EV: 13    Int: 17    God:    Elyvilon [**....]
Gold:   158        SH:  0    Dex: 19    Spells: 5/9 levels left

rFire   . . .      SeeInvis .   a - +1 quarterstaff (venom)
rCold   . . .      Faith    .   (shield currently unavailable)
rNeg    . . .      Spirit   .   j - +1 ring mail {rPois}
rPois   +          Reflect  .   d - +2 hat
rElec   .          Harm     .   (no cloak)
rCorr   .          Rampage  .   h - +0 pair of gloves
Will    +....                   w - +0 pair of boots
Stlth   +.........              A - amulet of the acrobat
HPRegen 0.23/turn               D - +6 ring of dexterity
MPRegen 0.13/turn               (no ring)

@: glowing
A: sense surroundings 2, otherworldly, glowing, explore regen
a: Renounce Religion, Purification, Heal Other


You were on level 8 of the Dungeon.
You worshipped Elyvilon.
Elyvilon was pleased with you.
You visited 2 branches of the dungeon, and saw 9 of its levels.
You also visited: Sewer.

You collected 564 gold pieces.
You spent 406 gold pieces at shops.

Inventory:

Hand Weapons
 a - a +1 quarterstaff of venom (weapon)
Missiles
 e - 22 poisoned darts (quivered)
Armour
 d - a +2 hat (worn)
 h - a +0 pair of gloves (worn)
 j - a +1 ring mail of poison resistance (worn)
 w - a +0 pair of boots (worn)
Magical Staves
 b - a staff of air
 f - a staff of conjuration
Jewellery
 A - an amulet of the acrobat (around neck)
 D - a +6 ring of dexterity (left hand)
Wands
 r - a wand of roots (8)
 s - a wand of mindburst (5)
 v - a wand of flame (17)
 x - a wand of polymorph (24)
Scrolls
 c - 4 scrolls of teleportation
 m - 3 scrolls of immolation
 n - a scroll of summoning
 q - 4 scrolls of poison
 t - a scroll of identify
 u - a scroll of enchant weapon
 y - a scroll of amnesia
Potions
 g - a potion of invisibility
 i - a potion of lignification
 k - 5 potions of flight
 l - 4 potions of mutation
 o - 3 potions of curing
 p - 2 potions of might


   Skills:
 - Level 4.0 Fighting
 - Level 2.4(7.6) Maces & Flails
 + Level 10.3(10.4) Staves
 - Level 4.8 Dodging
 - Level 10.0 Air Magic
 - Level 2.0 Invocations
 - Level 10.0 Evocations


You had 5 spell levels left.
You knew the following spells:

 Your Spells              Type           Power      Damage    Failure   Level
s - Sticky Flame          Conj/Fire      0%         2d3       99%         4

Your spell library contained the following spells:

 Spells                   Type           Power      Damage    Failure   Level
 Conjure Flame            Conj/Fire      0%         6-21      80%         3
 Gell's Gravitas          Tloc           0%         N/A       80%         3
 Ignite Poison            Fire/Tmut/Pois 0%         N/A       80%         3
 Lesser Beckoning         Tloc           0%         N/A       80%         3
 Ozocubu's Armour         Ice            0%         N/A       80%         3
 Teleport Other           Tloc           0%         N/A       80%         3
 Metabolic Englaciation   Hex/Ice        0%         N/A       100%        5
 Simulacrum               Ice/Necr       0%         N/A       100%        6


Dungeon Overview and Level Annotations

Branches:
Dungeon (8/15) Zot: 165    Temple (1/1) D:4 Zot: 427   Sewer (visited)
   Lair: D:8-11

Altars:
Cheibriados
Dithmenos
Elyvilon
Fedhas
Gozag
Hepliaklqana
Kikubaaqudgha
Makhleb
Nemelex Xobeh
Okawaru
Qazlal
Ru
Sif Muna
Trog
Uskayaw
Vehumet
Xom
Yredelemnul
Zin
The Shining One

Shops:
D:3 *   D:8 :

Annotations:
D:5 exclusion: oklob plant
D:8 1 transporter


Innate Abilities, Weirdness & Mutations

You passively map the area around you.
You are easily found by Zot.
You glow in the dark.
You regain HP and MP as you explore.


Message History

You throw a poisoned dart.
The poisoned dart barely misses the orc knight.
You hit the orc knight but do no damage.
The orc knight looks even sicker.
The orc knight is severely wounded.
The orc knight hits you with a +2 battleaxe!
You completely miss the orc knight.
The orc knight is severely wounded.
The orc knight hits you with a +2 battleaxe!
You barely miss the orc knight.
The orc knight is severely wounded.
The orc knight hits you with a +2 battleaxe.
You hit the orc knight but do no damage.
The orc knight is severely wounded.
You hit the orc knight but do no damage.
The orc knight looks as sick as possible!
The orc knight is severely wounded.
The orc knight hits you with a +2 battleaxe!
You barely miss the orc knight.
The orc knight is severely wounded.
The orc knight hits you with a +2 battleaxe.
You hit the orc knight but do no damage.
The orc knight looks as sick as possible!
The orc knight is severely wounded.
The orc knight hits you with a +2 battleaxe!
You closely miss the orc knight.
The orc knight is severely wounded.
You completely miss the orc knight.
The orc knight is severely wounded.
The orc knight hits you with a +2 battleaxe!!
* * * LOW HITPOINT WARNING * * *
You hit the orc knight but do no damage.
The orc knight looks as sick as possible!
The orc knight is severely wounded.
The orc knight hits you with a +2 battleaxe!
Elyvilon protects you from harm!
You completely miss the orc knight.
The orc knight is almost dead.
The orc knight hits you with a +2 battleaxe!
You die...

#)#..# , , , , , , ,, , #.#..#
,, , .# , #.#..# , ,, #.#, ,,
#<...#*, * ** * #.#, , , ,
#..#.## , #.#* * #.....# , #.#*
, , *
##.#.##++########.##°.#.#.○#
##....##.........'.##...!...#
#.#...>#(..((.o@.'.##..#©#..#
##.#...###########..#○.....○#
##.##.............##...°...####
#########.##.####.#########...
#.##.# #.###..©....###
#.##.###..#......#....
#...#......#...#######
####.###.####### #.# #.#


You could see an orc knight (extremely poisoned).

Vanquished Creatures
  Gastronok (D:8)
  Pikel (D:5)
  A hornet (D:8)
  2 wyverns (D:7)
  Edmund (D:5)
  2 ice beasts (D:7)
  A black bear (D:7)
  A sky beast (D:7)
  2 centaurs (D:7)
  A phantom (D:4)
  A lemure (D:5)
  3 bullfrogs
  2 kobold brigands (Sewer)
  3 necrophages
  2 scorpions
  9 killer bees (D:8)
  4 jellies
  4 hounds
  An orc priest (D:5)
  A gnoll bouda (D:6)
  Ijyb (D:5)
  3 iguanas
  Natasha (D:3)
  3 orc wizards
  8 adders
  10 gnolls
  A river rat (Sewer)
  2 white imps
  2 ufetubi
  3 worms
  3 dart slugs
  21 orcs
  5 ball pythons
  2 endoplasms
  A giant cockroach (D:1)
  8 goblins
  15 hobgoblins
  2 jackals (Sewer)
  4 quokkas
  5 bats (D:2)
  7 frilled lizards
  12 kobolds
  9 rats
171 creatures vanquished.

Vanquished Creatures (others)
  An orc wizard (D:5)
  5 fungi (D:6)
6 creatures vanquished.

Grand Total: 177 creatures vanquished

Notes
Turn   | Place    | Note
-------+----------+-------------------------------------------
     0 | D:1      | Armakuni the Meteoran Wanderer began the quest for the Orb.
     0 | D:1      | Armakuni set off with the following items: a +0
                  | quarterstaff, a +2 leather armour, a scroll of
                  | teleportation, a potion of heal wounds.
     0 | D:1      | Reached XP level 1. HP: 14/14 MP: 2/2
   261 | D:1      | Reached XP level 2. HP: 22/22 MP: 3/3
   285 | D:1      | Reached skill level 1 in Maces & Flails
   320 | D:1      | Reached skill level 1 in Fighting
   567 | D:1      | Reached XP level 3. HP: 25/28 MP: 4/4
   630 | D:1      | Found a faded altar of an unknown god.
   958 | D:2      | Reached XP level 4. HP: 32/36 MP: 5/5
  1547 | D:3      | Found Wyujoun's General Store.
  1552 | D:3      | Bought a potion of mutation for 96 gold pieces
  1552 | D:3      | Bought a scroll of identify for 24 gold pieces
  1595 | D:2      | Reached XP level 5. HP: 42/42 MP: 6/6
  1929 | D:3      | Found a hide-covered altar of Uskayaw.
  1965 | D:3      | Reached skill level 5 in Staves
  2115 | D:3      | Found a snail-covered altar of Cheibriados.
  2159 | D:3      | Found a shadowy altar of Dithmenos.
  2159 | D:3      | Found a sparkling altar of Nemelex Xobeh.
  2187 | D:3      | Reached XP level 6. HP: 50/51 MP: 7/7
  2284 | D:3      | Noticed Natasha
  2287 | D:3      | Glimpsed the power of Zot.
  2291 | D:3      | Killed Natasha
  2329 | D:4      | Glimpsed the power of Zot.
  2369 | D:4      | Glimpsed the power of Zot.
  2379 | D:4      | Touched by the power of Zot.
  2402 | D:5      | Entered Level 5 of the Dungeon
  2799 | D:4      | Reached XP level 7. HP: 32/46 MP: 8/8
  2806 | D:4      | Found a staircase to the Ecumenical Temple.
  2814 | Temple   | Entered the Ecumenical Temple
  3057 | D:4      | Reached skill level 1 in Air Magic
  3203 | D:5      | Noticed Ijyb
  3218 | D:5      | Killed Ijyb
  3251 | D:5      | Glimpsed the power of Zot.
  3256 | D:5      | Noticed Pikel
  3271 | D:5      | Killed Pikel
  3272 | D:5      | Reached skill level 5 in Evocations
  3272 | D:5      | Reached XP level 8. HP: 31/66 MP: 9/9
  3286 | D:5      | Reached skill level 5 in Air Magic
  3302 | D:5      | Glimpsed the power of Zot.
  3367 | D:6      | Found a glowing drain.
  3382 | Sewer    | Entered a sewer
  3493 | Sewer    | Found a white marble altar of Elyvilon.
  3502 | Sewer    | Became a worshipper of Elyvilon the Healer
  3604 | D:5      | Noticed Edmund
  3623 | D:5      | Killed Edmund
  3624 | D:5      | Gained mutation: You passively map the area around you.
                  | [Meteoran growth]
  3624 | D:5      | Reached XP level 9. HP: 44/71 MP: 10/10
  3964 | D:5      | Found a blossoming altar of Fedhas.
  3986 | D:5      | Noticed an oklob plant
  3999 | D:5      | Glimpsed the power of Zot.
  4038 | D:7      | Reached * piety under Elyvilon
  4584 | D:6      | Identified the +0 robe "Utraol" {rElec rPois Dex-4 SInv
                  | Stlth+}
  4595 | D:6      | Glimpsed the power of Zot.
  4645 | D:6      | Glimpsed the power of Zot.
  4685 | D:6      | Glimpsed the power of Zot.
  4695 | D:6      | Touched by the power of Zot.
  4796 | D:6      | Glimpsed the power of Zot.
  4846 | D:6      | Glimpsed the power of Zot.
  4887 | D:6      | Glimpsed the power of Zot.
  4896 | D:6      | Touched by the power of Zot.
  4997 | D:6      | Glimpsed the power of Zot.
  5048 | D:6      | Glimpsed the power of Zot.
  5088 | D:6      | Glimpsed the power of Zot.
  5098 | D:6      | Touched by the power of Zot.
  5198 | D:7      | Glimpsed the power of Zot.
  5249 | D:7      | Glimpsed the power of Zot.
  5290 | D:7      | Glimpsed the power of Zot.
  5300 | D:7      | Touched by the power of Zot.
  5402 | D:7      | Glimpsed the power of Zot.
  5403 | D:7      | Reached XP level 10. HP: 32/78 MP: 12/12
  5452 | D:7      | Glimpsed the power of Zot.
  5492 | D:7      | Glimpsed the power of Zot.
  5502 | D:7      | Touched by the power of Zot.
  5518 | D:7      | Found a shimmering blue altar of Sif Muna.
  5521 | D:7      | Found an opulent altar of Gozag.
  5522 | D:7      | Found a glowing golden altar of the Shining One.
  5522 | D:7      | Found a white marble altar of Elyvilon.
  5604 | D:7      | Glimpsed the power of Zot.
  5654 | D:7      | Glimpsed the power of Zot.
  5694 | D:7      | Glimpsed the power of Zot.
  5704 | D:7      | Touched by the power of Zot.
  5805 | D:7      | Glimpsed the power of Zot.
  5861 | D:7      | Glimpsed the power of Zot.
  5901 | D:7      | Glimpsed the power of Zot.
  5911 | D:7      | Touched by the power of Zot.
  5997 | D:8      | Noticed Gastronok
  6014 | D:8      | Killed Gastronok
  6015 | D:8      | Reached skill level 10 in Air Magic
  6015 | D:8      | Reached skill level 10 in Evocations
  6080 | D:8      | Reached ** piety under Elyvilon
  6133 | D:8      | Found a transporter.
  6143 | D:8      | Reached skill level 10 in Staves
  6293 | D:8      | Found Veash's Book Shoppe.
  6299 | D:8      | Upgraded the game from 0.29-a0-857-g9b1aa3ac5b to
                  | 0.29-a0-892-g2c4c91d9db
  6305 | D:8      | Bought an Everburning Encyclopedia for 286 gold pieces
  6311 | D:8      | Learned a level 4 spell: Sticky Flame
  6549 | D:8      | Noticed an orc knight
  6563 | D:8      | HP: 2/78 [orc knight/+2 battleaxe (22)]
  6564 | D:8      | Elyvilon protects you from harm!
  6565 | D:8      | Slain by an orc knight

Illustrated notes

Levels and vault maps discovered:
D:1:      reono_arrival_mine, layout_loops_ring, chequers_ecumenical_altar_grove
D:2:      minmay_razor_zed, layout_loops_ring
D:3:      minmay_octagon_keep, layout_loops_cross, jmf_multi_god_temple,
          mainiacjoe_overflow_six_doors_small, cheibriados_altar_1,
          serial_shops, shop, uniq_natasha
D:4:      layout_basic, minmay_temple_entry_drinking_statues
D:5:      layout_loops_ring, tgw_fedhas, uniq_edmund, uniq_pikel, uniq_ijyb
D:6:      layout_basic, portal_sewer_entry_d, serial_aquarium,
          aquarium_bridge_square [aquarium_subvault_bridge,
          aquarium_subvault_bridge, aquarium_subvault_wall,
          aquarium_subvault_bridge], aquarium_bridge_square
          [aquarium_subvault_bridge, aquarium_subvault_bridge,
          aquarium_subvault_wall, aquarium_subvault_wall],
          aquarium_window_double, aquarium_window_fake, aquarium_view_2a
D:7:      layout_cave_pods, mainiacjoe_overflow_alcove_3, serial_column_ruins,
          column_ruins_open_small, column_ruins_grid_3, column_ruins_grid_4
D:8:      gammafunk_cloud_chamber, layout_loops_ring, serial_shops, shop,
          hellmonk_guarded_unrand_dark_maul, uniq_gastronok
Temple:   bh_familiar_temple

Skill      XL: |  1  2  3  4  5  6  7  8  9 10 |
---------------+-------------------------------+-----
Maces & Flails | 1 2 |  2.4
Fighting       | 1 2 3 4 |  4.0
Staves         | 4 5 6 10 | 10.3
Air Magic      | 4 6 9 10 | 10.0
Evocations     | 5 6 9 10 | 10.0
Invocations    | 2 |  2.0
Dodging        | |  4.8

Action                   |  1- 3 |  4- 6 |  7- 9 | 10-12 || total
-------------------------+-------+-------+-------+-------++-------
Melee: Quarterstaff      |    61 |   185 |   291 |    64 ||   601
       Staff             |       |       |       |    55 ||    55
       Punch             |       |       |       |     1 ||     1
Throw: Dart              |       |       |       |     4 ||     4
Invok: Purification      |       |       |     4 |     4 ||     8
Evoke: Wand              |       |       |     4 |     2 ||     6
  Use: Scroll            |       |    12 |     3 |     2 ||    17
       Potion            |       |       |     1 |     1 ||     2
Armor: Leather armour    |    30 |       |       |       ||    30
       Ring mail         |     3 |    64 |   107 |    42 ||   216
Dodge: Dodged            |    35 |   109 |   156 |    52 ||   352

Table legend: (Time is in decaauts)
 A = Elapsed time spent in this place.
 B = Non-inter-level travel time spent in this place.
 C = Inter-level travel time spent in this place.
 D = Time resting spent in this place.
 E = Time spent auto-exploring this place.
 F = Levels seen in this place.
 G = Mean time per level.
                   A        B        C        D        E       F      G
               +--------+--------+--------+--------+--------+-----+--------+
         Total |   6587 |   6261 |    326 |    110 |   4303 |  10 |  658.7 |
       Dungeon |   6237 |   5923 |    314 |    110 |   4039 |   8 |  779.6 |
        Temple |    172 |    160 |     12 |      0 |    155 |   1 |  172.0 |
         Sewer |    177 |    177 |      0 |      0 |    108 |   1 |  177.0 |
               +--------+--------+--------+--------+--------+-----+--------+

Top non-repeatable levels by time:
     D:5: 961 daAuts
     D:2: 957 daAuts
     D:6: 904 daAuts
     D:7: 783 daAuts
     D:3: 747 daAuts
     D:1: 708 daAuts
     D:4: 606 daAuts
     D:8: 567 daAuts
   Sewer: 177 daAuts
  Temple: 172 daAuts
